AoeStats
← Jayklops

Arabia

510734636Analyzed
1v1 RM · 20h ago on Oct 2, 2026· 36m 14s· 2 players
Game mode
Random Map
Map size
Tiny (2 player)
Population
200
Speed
Normal
Resources
Standard
Victory
Conquest
Starting age
Dark Age
Ending age
Imperial Age
RankedLock teamsTeams togetherTeam positionsShared explorationLock speedFull tech treeHidden civsTurbo modeCheats
Victory
Defeat
🇦🇷 Aztecs · Argentina
1988
+16
🇩🇪 Persians · Germany
1995
-16
Marthyn
7:56 Loom
13:00 Feudal Age
13:29 Double-Bit Axe
13:25 Horse Collar
13:06 Man-at-Arms
17:11 Scale Mail Armor
17:42 Scale Mail Armor
20:17 Castle Age
19:11 Gold Mining
19:35 Scale Mail Armor
19:49 Forging
19:40 Arson
21:00 Squires
20:20 Eagle Warrior
22:28 Wheelbarrow
23:46 Chain Mail Armor
24:12 Sanctity
25:43 Iron Casting
27:25 Gold Shaft Mining
35:36 Ballistics
35:31 Fletching
39:08 Imperial Age
Jayklops
5:30 Loom
5:33 Loom
8:54 Feudal Age
9:44 Double-Bit Axe
16:53 Fletching
17:02 Horse Collar
21:45 Castle Age
20:31 Bloodlines
20:54 Padded Archer Armor
22:12 Bodkin Arrow
22:18 Husbandry
22:56 Bow Saw
25:56 Ballistics
26:30 Gold Mining
28:24 Thumb Ring
29:39 Parthian Tactics
30:31 Leather Archer Armor
Connection lost

Rejoining the realm…

Still unreachable

The connection could not be restored.

Session expired

The server has moved on; the page needs a fresh start.